AoeStats
← ska_18

Black Forest

504815344Analyzed
3v3 RM · 26d ago on Sep 6, 2026· 67m 41s· 6 players
Game mode
Random Map
Map size
Normal (6 player)
Population
200
Speed
Normal
Resources
Standard
Victory
Conquest
Starting age
Dark Age
Ending age
Imperial Age
RankedLock teamsTeams togetherTeam positionsShared explorationLock speedFull tech treeHidden civsTurbo modeCheats
Victory
Defeat
🇦🇹 Saracens · Austria
1063
+13
🇷🇺 Shu · Russia
1059
+13
🇨🇳 Vietnamese · China
1001
+14
🇵🇪 Turks · Peru
1007
-14
🇹🇷 Britons · Türkiye
997
-40
🇨🇳 Teutons · China
949
-12
pa echo
10:42 Feudal Age
14:38 Castle Age
12:42 Double-Bit Axe
16:01 Loom
16:12 Gold Mining
20:01 Town Watch
24:37 Imperial Age
22:45 Bow Saw
22:35 Horse Collar
24:39 Gold Shaft Mining
27:07 Wheelbarrow
28:10 Two-Man Saw
29:02 Heavy Plow
30:01 Padded Archer Armor
31:33 Hand Cart
31:41 Leather Archer Armor
33:14 Town Patrol
34:00 Ballistics
36:01 Conscription
40:22 Ring Archer Armor
43:48 Husbandry
43:58 Bloodlines
44:40 Forging
44:35 Scale Barding Armor
48:39 Artillery
48:47 Artillery
49:28 Iron Casting
49:13 Chain Barding Armor
53:13 Blast Furnace
52:48 Plate Barding Armor
60:23 Fletching
61:02 Scale Mail Armor
61:19 Thumb Ring
61:29 Bodkin Arrow
gunessoley
10:41 Feudal Age
11:09 Double-Bit Axe
16:20 Horse Collar
18:42 Gold Mining
22:15 Scale Mail Armor
22:17 Fletching
22:27 Padded Archer Armor
28:46 Castle Age
29:42 Wheelbarrow
31:17 Ballistics
31:17 Leather Archer Armor
30:57 Bodkin Arrow
32:00 Stone Mining
32:52 Husbandry
35:16 Hand Cart
41:18 Yeomen
42:45 Gold Shaft Mining
44:47 Imperial Age
44:15 Heavy Plow
46:14 Ring Archer Armor
45:46 Bracer
47:10 Caravan
47:41 Coinage
47:22 Guilds
48:49 Bow Saw
48:12 Crossbowman
51:02 Arbalester
53:14 Banking
54:36 Two-Man Saw
55:55 Elite Longbowman
62:32 Chemistry
64:45 Hoardings
种田使我快乐
12:20 Feudal Age
13:40 Double-Bit Axe
13:37 Horse Collar
19:30 Castle Age
30:44 Wheelbarrow
29:54 Loom
29:57 Town Watch
31:03 Fishing Lines
32:06 Masonry
32:07 Fortified Wall
31:54 Gold Mining
31:55 Stone Mining
33:05 Ironclad
36:58 Imperial Age
34:46 Hand Cart
34:32 Town Patrol
35:05 Heavy Plow
35:17 Bow Saw
36:17 Forging
36:08 Scale Mail Armor
37:49 Iron Casting
37:47 Gillnets
38:27 Fletching
38:01 Onager
40:53 Blast Furnace
40:08 Chain Mail Armor
40:16 Ballistics
40:57 Chemistry
40:20 Conscription
40:11 Capped Ram
41:17 Crenellations
41:16 Elite Teutonic Knight
43:19 Two-Man Saw
44:10 Hoardings
47:38 Plate Mail Armor
47:13 Scale Barding Armor
47:04 Bodkin Arrow
47:19 Siege Onager
49:24 Crop Rotation
49:01 Town Patrol
51:23 Chain Barding Armor
51:04 Padded Archer Armor
51:19 Bloodlines
50:30 Cavalier
51:21 Siege Engineers
51:59 Elite Skirmisher
53:16 Plate Barding Armor
54:19 Paladin
61:01 Leather Archer Armor
ASTERIX
1:22 Loom
11:39 Feudal Age
17:06 Castle Age
15:46 Double-Bit Axe
16:55 Gold Mining
16:59 Stone Mining
19:03 Horse Collar
21:23 Wheelbarrow
26:18 Hand Cart
31:22 Imperial Age
28:35 Crossbowman
32:08 Thumb Ring
31:25 Arbalester
32:15 Town Watch
32:22 Fletching
32:33 Padded Archer Armor
36:30 Ballistics
37:10 Chemistry
37:15 Conscription
38:07 Leather Archer Armor
37:48 Bodkin Arrow
37:55 Caravan
39:07 Bow Saw
38:59 Heavy Plow
40:03 Ring Archer Armor
39:34 Bracer
39:36 Town Patrol
42:56 Siege Engineers
45:27 Bolt Magazine
ska_18
1:01 Loom
10:59 Feudal Age
14:56 Double-Bit Axe
18:04 Castle Age
16:22 Horse Collar
20:20 Wheelbarrow
19:31 Town Watch
23:19 Bow Saw
23:00 Gold Mining
23:00 Stone Mining
23:44 Stone Mining
23:56 Heavy Plow
24:49 Fishing Lines
26:32 Scale Barding Armor
27:46 Forging
27:26 Fletching
28:47 Gold Shaft Mining
29:16 Hand Cart
33:07 Imperial Age
31:54 Iron Casting
31:39 Chain Barding Armor
31:53 Sanctity
32:04 Fortified Wall
32:44 Masonry
32:14 Treadmill Crane
34:52 Chemistry
33:45 Fletching
34:17 Conscription
34:33 Hoardings
34:45 Plate Barding Armor
35:17 Bodkin Arrow
35:55 Elite Mameluke
37:49 Ballistics
38:31 Blast Furnace
37:31 Bracer
38:34 Bloodlines
38:24 Husbandry
37:45 Light Cavalry
40:01 Two-Man Saw
39:03 Caravan
39:06 Bracer
39:58 Fervor
39:44 Gillnets
41:10 Coinage
41:20 Murder Holes
40:49 Hussar
42:35 Town Patrol
45:24 Banking
49:31 Siege Engineers
51:19 Bimaristan
林北干林娘。
0:47 Loom
14:08 Feudal Age
14:39 Double-Bit Axe
23:14 Castle Age
21:39 Fishing Lines
22:45 Horse Collar
24:52 Bow Saw
26:30 Heavy Plow
30:42 Ballistics
31:27 Gillnets
31:24 Elite Skirmisher
32:58 Coinage
35:39 Imperial Age
33:31 Thumb Ring
34:44 Wheelbarrow
33:55 Town Watch
35:08 Fletching
35:22 Padded Archer Armor
35:28 Scale Barding Armor
35:22 Gold Mining
37:02 Banking
36:00 Imperial Skirmisher
37:42 Crop Rotation
37:36 Hand Cart
39:29 Chemistry
38:53 Bloodlines
39:29 Town Patrol
40:21 Caravan
40:28 Bodkin Arrow
40:49 Leather Archer Armor
41:20 Bracer
41:35 Leather Archer Armor
42:13 Forging
42:24 Chain Barding Armor
42:21 Leather Archer Armor
43:59 Two-Man Saw
43:05 Husbandry
44:26 Guilds
45:29 Ring Archer Armor
45:36 Iron Casting
47:41 Elite Battle Elephant
48:25 Light Cavalry
50:14 Fortified Wall
50:10 Siege Engineers
49:53 Arrowslits
49:51 Treadmill Crane
51:28 Plate Barding Armor
53:47 Murder Holes
55:54 Scale Mail Armor
62:11 Bombard Tower
62:13 Chain Mail Armor
Connection lost

Rejoining the realm…

Still unreachable

The connection could not be restored.

Session expired

The server has moved on; the page needs a fresh start.